General information
- name: Local Game (Chainer-)
- type: Ladder 1vs1/FFA
- host: Chainer-
- saver: Chainer-
map: aps\NGL\NGL-Season6-TS
- players: 3
- length: 22:57
- speed: Fast
- version: 1.24 W3XP
- replay type: Public
» download(172 KB)
Players
team 1 (loser)
myING.VenoM (
orange | 219 APM | 5035 actions | 22:56)
4 Warden
2 Shadow Strike
2 Fan of Knives
3 Pandaren Brewmaster
2 Breath of Fire
1 Drunken Haze
» actions
| Assign group hotkey | 93 | |
| Basic commands | 125 | |
| Build / train | 109 | |
| ESC pressed | 4 | |
| Enter build submenu | 22 | |
| Enter hero's abilities submenu | 8 | |
| Give item / drop item | 10 | |
| Right click | 1840 | |
| Select / deselect | 704 | |
| Select group hotkey | 1831 | |
| Use ability | 289 | |
5035 total
» units
| Wisp | 26 | |
| Archer | 4 | |
| Huntress | 3 | |
| Goblin Zeppelin | 2 | |
| Dryad | 2 | |
| Faerie Dragon | 2 | |
| Druid of the Claw | 9 | |
| Glaive Thrower | 2 | |
| Goblin Shredder | 1 | |
| Chimaera | 1 | |
52 total
» upgrades
| Ultravision | 1 | |
| Abolish Magic | 1 | |
| Druid of the Claw Training | 2 | |
| Mark of the Claw | 1 | |
| Strength of the Wild | 1 | |
| Reinforced Hides | 1 | |
| Corrosive Breath | 1 | |
| Nature's Blessing | 1 | |
9 total
» buildings
| Altar of Elders | 1 | |
| Ancient of War | 3 | |
| Moon Well | 8 | |
| Hunter's Hall | 1 | |
| Tree of Life | 2 | |
| Ancient of Wonders | 1 | |
| Tree of Ages | 2 | |
| Ancient of Lore | 2 | |
| Ancient of Wind | 1 | |
| Tree of Eternity | 2 | |
| Chimaera Roost | 1 | |
| Ancient Protector | 1 | |
25 total
» build order
00:03 Altar of Elders
00:12 Ancient of War
00:19 Moon Well
01:48 Moon Well
02:30 Ancient of War
02:41 Moon Well
03:18 Hunter's Hall
04:38 Tree of Life
05:07 Ancient of Wonders
05:47 Tree of Ages
05:47 Tree of Ages
06:35 Moon Well
08:11 Ancient of Lore
08:11 Ancient of Lore
08:43 Ancient of Wind
09:06 Tree of Eternity
09:06 Tree of Eternity
10:14 Moon Well
11:15 Moon Well
13:21 Ancient of War
13:58 Chimaera Roost
18:21 Moon Well
18:24 Tree of Life
19:52 Ancient Protector
20:05 Moon Well
» items
| Boots of Speed | 1 | |
| Moonstone | 4 | |
| Lesser Clarity Potion | 9 | |
| Potion of Invisibility | 1 | |
| Potion of Lesser Invulnerability | 3 | |
| Staff of Teleportation | 1 | |
| Orb of Venom | 1 | |
| Staff of Preservation | 1 | |
| Potion of Mana | 2 | |
| Potion of Healing | 3 | |
26 total
team 2 (winner)
Highupinthesky (
gray | 118 APM | 2699 actions | 22:56)
5 Archmage
3 Summon Water Elemental
2 Brilliance Aura
4 Mountain King
2 Storm Bolt
2 Thunder Clap
» actions
| Assign group hotkey | 71 | |
| Basic commands | 125 | |
| Build / train | 102 | |
| ESC pressed | 2 | |
| Enter build submenu | 49 | |
| Enter hero's abilities submenu | 9 | |
| Give item / drop item | 3 | |
| Right click | 879 | |
| Select / deselect | 589 | |
| Select group hotkey | 734 | |
| Use ability | 136 | |
2699 total
» units
| Peasant | 17 | |
| Footman | 6 | |
| Forest Troll Shadow Priest | 3 | |
| Rifleman | 7 | |
| Forest Troll Berserker | 1 | |
| Mud Golem | 1 | |
| Goblin Zeppelin | 1 | |
| Priest | 4 | |
| Sorceress | 3 | |
| Mortar Team | 4 | |
| Spell Breaker | 6 | |
| Dragonhawk Rider | 2 | |
55 total
» upgrades
| Defend | 1 | |
| Masonry | 2 | |
| Gunpowder | 2 | |
| Long Rifles | 1 | |
| Sorceress Training | 1 | |
| Plating | 2 | |
| Flare | 1 | |
| Swords | 1 | |
11 total
» buildings
| Altar of Kings | 1 | |
| Farm | 11 | |
| Barracks | 2 | |
| Lumber Mill | 1 | |
| Scout Tower | 16 | |
| Arcane Tower | 8 | |
| Town Hall | 2 | |
| Blacksmith | 1 | |
| Guard Tower | 7 | |
| Keep | 1 | |
| Arcane Vault | 2 | |
| Arcane Sanctum | 2 | |
| Workshop | 1 | |
| Gryphon Aviary | 1 | |
56 total
» build order
00:07 Altar of Kings
00:19 Farm
00:23 Barracks
00:34 Farm
01:36 Farm
02:54 Farm
03:18 Lumber Mill
04:05 Farm
04:22 Scout Tower
04:29 Farm
04:33 Arcane Tower
05:01 Town Hall
05:07 Scout Tower
05:09 Scout Tower
05:25 Blacksmith
05:38 Guard Tower
05:55 Scout Tower
05:56 Scout Tower
06:35 Guard Tower
06:36 Guard Tower
06:40 Farm
06:53 Keep
07:16 Barracks
07:18 Farm
07:27 Arcane Vault
07:29 Scout Tower
07:29 Scout Tower
07:35 Farm
07:51 Arcane Vault
08:00 Guard Tower
08:29 Farm
09:56 Arcane Sanctum
09:57 Workshop
11:17 Scout Tower
11:43 Arcane Tower
11:53 Arcane Tower
11:58 Scout Tower
12:27 Guard Tower
12:28 Arcane Tower
12:31 Scout Tower
13:24 Arcane Sanctum
15:37 Scout Tower
16:12 Guard Tower
16:14 Scout Tower
16:45 Guard Tower
16:48 Town Hall
16:50 Scout Tower
16:51 Scout Tower
16:52 Scout Tower
17:24 Arcane Tower
17:25 Arcane Tower
17:27 Arcane Tower
18:14 Scout Tower
18:34 Gryphon Aviary
18:42 Arcane Tower
19:28 Farm
» items
| Boots of Speed | 1 | |
| Ivory Tower | 1 | |
| Scroll of Town Portal | 1 | |
| Scroll of Healing | 3 | |
| Potion of Lesser Invulnerability | 1 | |
| Scroll of Protection | 2 | |
9 total
observersChainer- Chat log
(02:14 / All) Highupinthesky: wow
(22:54 / All) myING.VenoM: gg
(22:56 / All) Highupinthesky: gg